 Dungeon Crawl Stone Soup version 0.23.2-1-ga50397a (webtiles) character file.

Game seed: 17108239788828984801

259 KleinerIrrer the Gusty (level 6, -2/36 HPs)
             Began as an Octopode Air Elementalist on May 1, 2019.
             Killed by divine providence
             ... invoked by an orc priest
              (11 damage)
             ... on level 4 of the Dungeon.
             The game lasted 00:14:04 (4229 turns).

KleinerIrrer the Gusty (Octopode Air Elementalist)  Turns: 4229, Time: 00:14:05

Health: -2/36      AC:  1    Str:  7    XL:     6   Next: 17%
Magic:  0/11       EV: 13    Int: 20    God:
Gold:   146        SH:  0    Dex: 12    Spells: 5/12 levels left

rFire    . . .     SeeInvis .   q - +2 dagger (protect)
rCold    . . .     Gourm    .   (no shield)
rNeg     . . .     Faith    .   (helmet restricted)
rPois    .         Spirit   .   (no amulet)
rElec    .         Reflect  .   (no ring)
rCorr    .         Harm     .   (no ring)
MR       .....                  (no ring)
Stlth    +++.......             (no ring)
HPRegen  0.12/turn              (no ring)
MPRegen  0.12/turn              (no ring)
                                (no ring)
                                (no ring)

@: very slightly contaminated
A: almost no armour, stealthy swim, amphibious, 8 rings, constrict 8, camouflage
1, gelatinous body 1
a: no special abilities


You were on level 4 of the Dungeon.
You were not hungry.

You visited 1 branch of the dungeon, and saw 4 of its levels.

You collected 146 gold pieces.

Inventory:

Hand Weapons
 d - a +0 spear
 g - a +2 whip of holy wrath
 q - a +2 dagger of protection (weapon)
Missiles
 o - 6 tomahawks (quivered)
 u - 44 arrows
Wands
 k - a wand of scattershot (8)
Scrolls
 a - 2 scrolls of magic mapping {unknown}
 f - 2 scrolls of fear {unknown}
 h - 3 scrolls of immolation
 i - 3 scrolls of remove curse {unknown}
 j - a scroll of random uselessness {unknown}
 n - 2 scrolls of teleportation
 v - 2 scrolls of amnesia {unknown}
Potions
 c - 2 potions of curing
 e - a potion of experience {unknown}
 l - a potion of invisibility
 m - a potion of lignification
 p - 2 potions of berserk rage
 r - 2 potions of heal wounds {unknown}
 s - a potion of haste {unknown}
 w - a potion of resistance {unknown}
 x - a potion of ambrosia {unknown}
Comestibles
 b - 6 rations


   Skills:
 - Level 2.0 Dodging
 - Level 2.6 Stealth
 + Level 3.9 Spellcasting
 - Level 1.0 Conjurations
 * Level 5.5 Air Magic


You had 5 spell levels left.
You knew the following spells:

 Your Spells              Type           Power        Failure   Level  Hunger
a - Shock                 Conj/Air       ###.         3%          1    None
b - Swiftness             Chrm/Air       ###.....     6%          2    ##.....
c - Airstrike             Air            ####......   13%         4    ####...

Your spell library contained the following spells:

 Spells                   Type           Power        Failure   Level  Hunger
 Static Discharge         Conj/Air       ###.....     10%         3    ###....
 Beastly Appendage        Tmut           #.....       13%         1    None
 Sticks to Snakes         Tmut           #.......     21%         2    ##.....
 Spider Form              Tmut/Pois      #.........   36%         3    ###....
 Lightning Bolt           Conj/Air       ###.......   67%         5    ######.
 Ice Form                 Ice/Tmut       #.......     78%         4    ####...
 Blade Hands              Tmut           #.........   98%         5    ######.


Dungeon Overview and Level Annotations

Branches:
Dungeon (4/15)
 Temple: D:4-7

Altars:
Dithmenos
Zin
The Shining One

Shops:
D:4 (=


Innate Abilities, Weirdness & Mutations

You cannot wear most types of armour.
You are very stealthy in the water. (Stealth+)
You are amphibious.
You can wear up to eight rings at the same time.
You can use your tentacles to constrict eight enemies at once.
Your skin changes colour to match your surroundings (Stealth+).
Your rubbery body absorbs attacks. (AC +1, EV +1)


Message History

You are very lightly contaminated with residual magic.
Ouch! You feel a sudden electric shock.
Casting: Airstrike (safe; 13% risk of failure)
Confirm with . or Enter, or press ? or * to list all spells.
Aiming: Shock (safe; 3% risk of failure)
Press: ? - help, Shift-Dir - straight line, f/p - orc priest
Aim: an orc priest, wielding a +0 dagger (heavily wounded)
The zap hits the orc.
The orc is heavily wounded.
The zap hits the orc priest.
The orc priest is almost dead.
The zap hits the hound.
The hound is lightly wounded.
The orc priest begins to cast a cantrip, but forgets the words!
The orc priest calls down the wrath of Beogh upon you.
Beogh smites you!
* * * LOW HITPOINT WARNING * * *
The orc priest mumbles some strange prayers to Beogh against you.
Beogh smites you!
You die...

################
...............#
#####.#..#####.#
####.###.#####.### ....##
##........#########.##.
####.###.......#@.o....oh.....
##.#...)[......>..####...## ##
##.........####### ...
.######.######.# . .<...[..#
#.# ..####### #.### ...##
#...# ....############.#
.....#...##...##.#


You could see an orc priest and an orc.

Vanquished Creatures
  An orc wizard (D:4)
  An orc priest (D:3)
  An iguana (D:4)
  A worker ant (D:4)
  5 adders
  An ooze (D:1)
  A worm (D:3)
  A dart slug (D:2)
  2 leopard geckos (D:2)
  17 orcs
  5 bats
  8 giant cockroaches
  6 goblins
  9 hobgoblins
  A jackal (D:1)
  2 quokkas
  7 frilled lizards
  5 kobolds
  7 rats
81 creatures vanquished.

Notes
Turn   | Place    | Note
-------+----------+-------------------------------------------
     0 | D:1      | KleinerIrrer the Octopode Air Elementalist began the quest
                  | for the Orb.
     0 | D:1      | Reached XP level 1. HP: 11/11 MP: 3/3
   211 | D:1      | Reached XP level 2. HP: 17/17 MP: 1/5
   946 | D:1      | Reached XP level 3. HP: 21/21 MP: 3/6
  1301 | D:2      | Reached skill level 4 in Air Magic
  1857 | D:2      | Found a glowing silver altar of Zin.
  1858 | D:2      | Noticed an angel
  1901 | D:2      | Found a shadowy altar of Dithmenos.
  1954 | D:2      | Reached XP level 4. HP: 27/27 MP: 6/8
  2115 | D:2      | Learned a level 2 spell: Swiftness
  2120 | D:2      | Learned a level 4 spell: Airstrike
  2597 | D:3      | Reached XP level 5. HP: 31/31 MP: 7/9
  2947 | D:3      | Reached skill level 5 in Air Magic
  3124 | D:3      | Found a glowing golden altar of the Shining One.
  3489 | D:4      | Found Eggocos's Antique Weapon Boutique.
  3530 | D:4      | Noticed a phantom
  3557 | D:4      | HP: 1/31 [phantom (7)]
  3875 | D:4      | Found Ydigutt's Jewellery Boutique.
  3888 | D:4      | Reached XP level 6. HP: 36/36 MP: 1/11
  4229 | D:4      | Killed from afar by an orc priest

Skill      XL: |  1  2  3  4  5 |
---------------+----------------+-----
Air Magic      | 4 5 |  5.5
Spellcasting   | 3 |  3.9
Dodging        | |  2.0
Stealth        | |  2.6
Conjurations   | |  1.0

Action                   |  1- 3 |  4- 6 || total
-------------------------+-------+-------++-------
Melee: Unarmed           |     9 |       ||     9
       Constrict         |     4 |     7 ||    11
       Tentacles         |     4 |       ||     4
       Dagger            |     6 |    29 ||    35
       Whip              |     2 |       ||     2
 Cast: Shock             |    66 |   108 ||   174
       Airstrike         |       |     2 ||     2
  Use: Scroll            |       |     7 ||     7
       Potion            |       |     1 ||     1
 Stab: Sleeping          |     1 |       ||     1
  Eat: Chunk             |     3 |     6 ||     9
       Ration            |       |     1 ||     1
Armor: Skin              |     4 |     3 ||     7
Dodge: Dodged            |    15 |    22 ||    37
